 Dungeon Crawl Stone Soup version 0.20.0-15-g7f486f2 (webtiles) character file.

4991 kuniqs the Shield-Bearer (level 10, -10/63 HPs)
             Began as a Gargoyle Fighter on June 10, 2017.
             Was a High Priest of Okawaru.
             Blown up by Maurice (18 damage)
             ... with a wand of disintegration (?/24)
             ... on level 8 of the Dungeon.
             The game lasted 00:08:57 (6293 turns).

kuniqs the Shield-Bearer (Gargoyle Fighter)         Turns: 6293, Time: 00:08:58

Health: -10/63     AC: 19    Str: 19    XL:     10   Next: 54%
Magic:  13/13      EV: 13    Int: 10    God:    Okawaru [*****.]
Gold:   364        SH: 10    Dex: 12    Spells: 8/9 levels left

rFire    + . .     SeeInvis .   D - +4 flail
rCold    + . .     Gourm    .   c - +0 shield
rNeg     + . .     Faith    .   B - +2 scale mail {rF+}
rPois    ∞         Spirit   .   (no helmet)
rElec    +         Reflect  .   y - +0 cloak
rCorr    .         Harm     .   (no gloves)
MR       .....                  p - +0 pair of boots (curse)
Stlth    ..........             (no amulet)
Regen    0.2/turn               F - ring of protection from cold
MPRegen  0.2/turn               t - +3 ring of evasion

@: very slightly contaminated
A: negative energy resistance 1, electricity resistance, unbreathing,
petrification resistance, rot immunity, AC +7
a: Heroism, Finesse, Renounce Religion


You were on level 8 of the Dungeon.
You worshipped Okawaru.
Okawaru was extremely pleased with you.
You were hungry.

You visited 2 branches of the dungeon, and saw 9 of its levels.

You collected 364 gold pieces.

Inventory:

Hand Weapons
 D - a +4 flail (weapon)
Armour
 c - a +0 shield (worn)
 p - a cursed +0 pair of boots (worn)
 y - a +0 cloak (worn)
 B - a +2 scale mail of fire resistance (worn)
Jewellery
 g - an uncursed ring of protection from fire
 n - an uncursed ring of resist corrosion
 t - a +3 ring of evasion (right hand)
 F - a ring of protection from cold (left hand)
Wands
 H - a wand of confusion (35/48)
Scrolls
 b - 2 scrolls of magic mapping {unknown}
 i - a scroll of enchant weapon {unknown}
 k - 5 scrolls of identify {@r1}
 l - 4 scrolls of remove curse {unknown}
 q - 3 scrolls of teleportation {unknown}
 s - 3 scrolls of fog {unknown}
 v - 3 scrolls of fear {unknown}
 w - 3 scrolls of recharging {unknown}
 A - 2 scrolls of enchant armour {unknown}
 C - a scroll of immolation {unknown}
 E - a scroll of blinking {unknown}
Potions
 f - a potion of might
 h - a potion of mutation {unknown}
 j - a potion of cancellation {unknown}
 m - 3 potions of brilliance {unknown}
 o - 5 potions of curing {unknown}
 r - 3 potions of agility {unknown}
 u - a potion of resistance
 x - a potion of berserk rage {unknown}
 G - a potion of flight {unknown}
 I - 2 potions of heal wounds {unknown}
Comestibles
 d - 10 bread rations
 e - 7 meat rations
 z - 2 royal jellies


   Skills:
 + Level 7.3 Fighting
 + Level 6.2 Maces & Flails
 + Level 5.4 Throwing
 + Level 7.2 Armour
 + Level 4.2 Dodging
 + Level 7.4 Shields
 + Level 5.3 Invocations


You had 8 spell levels left.
You knew the following spells:

 Your Spells              Type           Power        Failure   Level  Hunger
a - Flame Tongue          Conj/Fire      #....        95%         1    ##.....


Dungeon Overview and Level Annotations

Branches:
Dungeon (8/15)             Temple (1/1) D:5
   Lair: D:8-11

Altars:
Ashenzari
Cheibriados
Dithmenos
Elyvilon
Fedhas
Gozag
Hepliaklqana
Kikubaaqudgha
Makhleb
Nemelex Xobeh
Okawaru
Qazlal
Ru
Sif Muna
Trog
Uskayaw
Vehumet
Xom
Yredelemnul
Zin
The Shining One

Annotations:
D:8 Gastronok, Maurice


Innate Abilities, Weirdness & Mutations

You are resistant to torment.
Your stone body is resilient. (AC +7)
You are immune to poison.
You resist negative energy. (rN+)
You are resistant to electric shocks. (rElec)
You can survive without breathing.
You are immune to petrification.
You are immune to rotting.


Message History

Maurice is heavily wounded.
You feel like a meek peon again.
Maurice zaps a wand.
You are blasted!
* * * LOW HITPOINT WARNING * * *
You closely miss Maurice.
Maurice is heavily wounded.
You block Maurice's attack.
You catch the helpless Maurice completely off-guard!
You hit Maurice.
Maurice is severely wounded.
You flicker back into view.
Maurice zaps a wand.
You are blasted!
* * * LOW HITPOINT WARNING * * *
You hit Maurice.
Maurice is severely wounded.
You block Maurice's attack.
You hit Maurice.
Maurice is almost dead.
Maurice zaps a wand.
You are blasted!
You die...

##)#.#...#
########...###.#
#......#.......#
#......##.###..# .
#......##[(##..# ..
#........))....# ..
#.......##.###.# ..
#.......##@.##.#
..####.......S.#@##.#
....##......§..#..#.#
........##.....##.#.#
....########...##...#
w...# #...###..#
....# #...# #.)#
....# ##### ##.#
....# ###.### ....#
#..>..# ######


You could see Maurice.

Vanquished Creatures
  A two-headed ogre (D:8)
  Psyche (D:8)
  A hippogriff (D:7)
  6 yaks (D:8)
  A water moccasin (D:6)
  2 orc warriors
  2 ice beasts
  2 sky beasts
  2 phantoms (D:8)
  An ogre (D:7)
  2 centaurs
  A big kobold (D:7)
  6 bullfrogs
  A scorpion (D:6)
  2 vampire bats (D:4)
  5 crimson imps
  A quasit (D:8)
  A centaur zombie (D:6)
  2 hounds
  4 orc priests
  7 orc wizards
  2 bullfrog skeletons
  2 centaur skeletons
  An iguana (D:4)
  3 worker ants
  4 gnolls
  12 adders
  4 worms
  7 leopard geckos
  22 orcs
  3 ball pythons
  4 giant cockroaches
  11 goblins
  5 hobgoblins
  3 jackals (D:8)
  2 quokkas
  11 bats
  5 frilled lizards
  9 kobolds
  5 rats
  A fungus (D:5)
167 creatures vanquished.

Notes
Turn   | Place    | Note
-------+----------+-------------------------------------------
     0 | D:1      | kuniqs the Gargoyle Fighter began the quest for the Orb.
     0 | D:1      | Reached XP level 1. HP: 14/14 MP: 1/1
   165 | D:1      | Reached XP level 2. HP: 13/19 MP: 2/2
   800 | D:2      | Reached skill level 1 in Throwing
   823 | D:2      | Reached XP level 3. HP: 21/23 MP: 3/3
  1071 | D:2      | Reached XP level 4. HP: 28/28 MP: 4/4
  1197 | D:2      | Found a snail-covered altar of Cheibriados.
  1418 | D:2      | Found a bloodstained altar of Trog.
  1418 | D:2      | Found a glowing golden altar of the Shining One.
  1575 | D:3      | Noticed a bullfrog
  1588 | D:3      | Killed a bullfrog
  1588 | D:3      | Reached XP level 5. HP: 23/33 MP: 5/5
  2412 | D:4      | Reached skill level 1 in Dodging
  2534 | D:4      | Reached XP level 6. HP: 37/38 MP: 6/6
  2712 | D:4      | Found a basalt altar of Yredelemnul.
  2998 | D:5      | Entered Level 5 of the Dungeon
  2998 | D:5      | Noticed a sky beast
  3016 | D:5      | Killed a sky beast
  3016 | D:5      | Reached XP level 7. HP: 44/44 MP: 7/7
  3047 | D:5      | Reached skill level 5 in Armour
  3078 | D:5      | Learned a level 1 spell: Flame Tongue
  3180 | D:5      | Found a staircase to the Ecumenical Temple.
  3208 | Temple   | Entered the Ecumenical Temple
  3399 | Temple   | Became a worshipper of Warmaster Okawaru
  3436 | D:5      | Noticed a dagger
  3437 | D:5      | Noticed a hand axe
  3438 | D:5      | Found a hide-covered altar of Uskayaw.
  3699 | D:5      | Reached skill level 5 in Fighting
  3839 | D:5      | Reached skill level 5 in Shields
  3881 | D:5      | Reached skill level 1 in Invocations
  3881 | D:5      | Reached XP level 8. HP: 49/49 MP: 8/8
  4376 | D:6      | Reached * piety under Okawaru
  4978 | D:7      | Reached XP level 9. HP: 55/55 MP: 11/11
  4982 | D:7      | Reached ** piety under Okawaru
  5012 | D:7      | Reached skill level 5 in Maces & Flails
  5264 | D:7      | Found a sacrificial altar of Ru.
  5565 | D:8      | Reached *** piety under Okawaru
  5873 | D:8      | Noticed a two-headed ogre
  5887 | D:8      | Killed a two-headed ogre
  5887 | D:8      | Reached **** piety under Okawaru
  5887 | D:8      | Reached skill level 5 in Throwing
  5887 | D:8      | Reached XP level 10. HP: 24/61 MP: 11/13
  5921 | D:8      | Reached skill level 5 in Invocations
  5939 | D:8      | Reached ***** piety under Okawaru
  6213 | D:8      | Received a gift from Okawaru
  6250 | D:8      | Noticed Gastronok
  6252 | D:8      | Noticed Psyche
  6253 | D:8      | Noticed Maurice
  6279 | D:8      | Killed Psyche
  6293 | D:8      | Blown up by Maurice

Skill      XL: |  1  2  3  4  5  6  7  8  9 10 |
---------------+-------------------------------+-----
Throwing       | 1 2 3 5 |  5.4
Maces & Flails | 3 4 5 6 |  6.2
Armour         | 4 5 6 7 |  7.2
Shields        | 4 5 7 |  7.4
Dodging        | 1 2 3 4 |  4.2
Fighting       | 4 5 6 7 |  7.3
Invocations    | 1 3 4 5 |  5.3

Action                   |  1- 3 |  4- 6 |  7- 9 | 10-12 || total
-------------------------+-------+-------+-------+-------++-------
Melee: Flail             |   115 |   224 |   318 |    96 ||   753
       Dagger            |       |    25 |   264 |       ||   289
Invok: Heroism           |       |       |     1 |     3 ||     4
  Use: Scroll            |       |       |     2 |       ||     2
 Stab: Invisible         |       |       |       |     3 ||     3
  Eat: Chunk             |     1 |     7 |    10 |     1 ||    19
       Bread ration      |       |     1 |       |       ||     1
Armor: Scale mail        |    57 |    93 |   307 |    18 ||   475
       Chain mail        |       |    22 |       |       ||    22
Dodge: Dodged            |    32 |   114 |   283 |    31 ||   460
Block: Shield            |    73 |   144 |   305 |    40 ||   562
